 Dungeon Crawl Stone Soup version 0.8.1-249-g5cfb859 character file.

8955 ishyo the Conjurer (level 11, -12/44 (46) HPs)
             Began as a Spriggan Venom Mage on Aug 15, 2011.
             Was an Elder of Vehumet.
             Mangled by a red ugly thing (15 damage)
             ... on Level 13 of the Dungeon.
             The game lasted 01:36:02 (12601 turns).

ishyo the Conjurer (Spriggan Venom Mage)           Turns: 12601, Time: 01:36:02

HP -12/44 (46)   AC  2     Str  6 Exp: 11/12098 (332), need: 7986
MP  19/30        EV 28     Int 18      God: Vehumet [****..]
Gold 487         SH  0     Dex 17      Spells: 11 memorised,  4 levels left

Res.Fire  : . . .   See Invis. : +   I - -4 blowgun "Vieghu" {speed, rPois SInv}
Res.Cold  : . . .   Warding    : . . z - +0 robe
Life Prot.: . . .   Conserve   : .   (shield restricted)
Res.Acid. : . . .   Res.Corr.  : .   (helmet restricted)
Res.Poison: +       Clarity    : .   (no cloak)
Res.Elec. : .       Spirit.Shd : .   (gloves unavailable)
Sust.Abil.: . .     Stasis     : .   (boots unavailable)
Res.Mut.  : .       Ctrl.Telep.: .   (no amulet)
Res.Rott. : .       Levitation : .   e - +6 ring of evasion
Saprovore : . . .   Ctrl.Flight: .   W - ring of levitation

@: very quick, quite resistant to hostile enchantments, stealthy
A: unfitting armour, see invisible, herbivore 3, speed 3, slow metabolism 3
a: Renounce Religion, Evoke Levitation


You were on level 13 of the Dungeon.
You worshipped Vehumet.
Vehumet was extremely pleased with you.
You were not hungry.

You visited 3 branches of the dungeon, and saw 14 of its levels.
You visited 1 portal chamber: sewer.

You collected 741 gold pieces.
You spent 274 gold pieces at shops.

Inventory:

Hand weapons
 a - the +4,+0 whip of the Lair of Beasts {pain, +Blink +Rage MR}
   (You found it on level 4 of the Dungeon)

   In the hands of one skilled in necromantic magic, it inflicts extra damage on
   living creatures.
   It increases your resistance to enchantments.
   It lets you blink.
   It lets you go berserk.
 t - a +2,+2 dagger of holy wrath
 I - the -4 blowgun "Vieghu" (weapon) {speed, rPois SInv}
   (You bought it in a shop on level 13 of the Dungeon)

   Attacks with this weapon take half as long, but cause less damage.
   It protects you from poison.
   It enhances your eyesight.
Missiles
 l - 21 +0 darts of frost
 n - 29 poisoned +0 needles (quivered)
 y - 6 curare-tipped +0 needles
 A - 15 exploding +2 darts
Armour
 z - a +0 robe (worn)
Magical devices
 f - a wand of frost (7)
 h - a wand of cold (4)
 x - a wand of flame (0)
 F - a wand of frost (14)
 P - a wand of digging (10) {unknown}
 R - a wand of digging (7) {unknown}
Scrolls
 d - 3 scrolls of teleportation
 g - a scroll of acquirement {unknown}
 o - 2 scrolls of recharging {unknown}
 s - 5 scrolls of fog
 w - a scroll of identify
 C - 2 scrolls of remove curse
 D - a scroll of curse armour {unknown}
 E - 4 scrolls of amnesia
 H - 2 scrolls of blinking {unknown}
 O - a scroll of magic mapping
 Q - a scroll of curse jewellery {unknown}
 S - a scroll of enchant armour {unknown}
Jewellery
 e - a +6 ring of evasion (right hand)
 j - an uncursed ring of regeneration
 B - a +2 ring of protection
 L - an uncursed ring of see invisible {unknown}
 M - an uncursed ring of sustain abilities {unknown}
 W - a ring of levitation (left hand)
Potions
 c - a potion of porridge
 i - a potion of heal wounds
 k - a potion of resistance
 p - 3 potions of levitation
 q - 2 potions of healing
 r - 2 potions of might {unknown}
 u - a potion of magic {unknown}
 v - a potion of invisibility {unknown}
 G - a potion of agility {unknown}
 K - a potion of cure mutation You had 332 experience left.


   Skills:
 + Level 2 Short Blades
 + Level 5 Throwing
 + Level 7 Dodging
 - Level 3 Stealth
 + Level 2 Stabbing
 + Level 2 Traps & Doors
 + Level 10 Spellcasting
 + Level 10 Conjurations
 + Level 2 Air Magic
 - Level 7 Poison Magic
 + Level 1 Evocations


You had 4 spell levels left.
You knew the following spells:

 Your Spells              Type           Power        Success   Level  Hunger
a - Sting                 Pois/Conj      #####        Excellent   1    None
b - Cure Poison           Pois           #####.....   Excellent   2    None
c - Mephitic Cloud        Pois/Air/Conj  #####.....   Excellent   3    None
d - Venom Bolt            Pois/Conj      ######....   Excellent   5    Honeycomb
e - Poison Weapon         Pois/Chrm      N/A          Great       3    None
f - Magic Dart            Conj           #####        Excellent   1    None
g - Conjure Flame         Fire/Conj      #####....    Excellent   3    None
h - Call Imp              Summ           ##........   Excellent   2    None
i - Repel Missiles        Air/Chrm       ###.......   Great       2    None
j - Blink Tloc            N/A            Very         Good        2    None
k - Slow Hex              ##.......      Very         Good        2    None

Dungeon Overview and Level Annotations

Branches:
Dungeon (13/27)            Temple (1/1) D:6             Orc (2/4) D:8
   Lair (0/8) D:9
   Hive: D:11-16

Altars:
Ashenzari
Cheibriados
Fedhas
Makhleb
Nemelex Xobeh
Okawaru
Sif Muna
The Shining One
Vehumet
Xom

Shops:
D:5: +**( D:8: = D:13: ( Orc:1: ?

Annotations
D:13 exclusion: statue


Innate Abilities, Weirdness & Mutations

You are tiny and cannot use many weapons and most armour.
You have supernaturally acute eyesight.
You are a herbivore.
You cover ground extremely quickly.
You need consume almost no food.


Message History

Your possessions no longer seem quite so burdensome.
Your imp misses the red ugly thing. Your imp hits the red ugly thing.
The red ugly thing tail-slaps you!
You are engulfed in flames!
One of your 5 scrolls of amnesia catches fire!
* * * LOW HITPOINT WARNING * * *
The red ugly thing tentacle-slaps you!
You are engulfed in flames!
You die...

▒∙▒ ▒∙▒
▒∙▒ ▒<▒
▒∙▒ ▒∙▒
▒∙▒
▒▒▒▒▒▒▒▒∙▒
▒@u∙∙!∙∙∙(
▒u▒▒▒▒▒▒∙▒
▒5▒ ▒∙▒
▒∙▒ ▒∙▒
▒∙▒ ▒u▒
▒∙▒ ▒u▒
▒∙▒ ▒∙▒
▒∙▒ ▒∙▒
▒∙▒ ▒∙▒


You could see 2 ugly things and a friendly imp.

Vanquished Creatures
  The ghost of Silaor the Swashbuckler, a powerful KoBe of Trog (D:13)
  Erolcha (D:8)
  2 hill giants
  Psyche (D:8)
  An ugly thing (D:13)
  A troll (Orc:2)
  Edmund (D:8)
  10 yaks (D:13)
  Eustachio (D:5)
  A necrophage (D:9)
  An ice beast (D:6)
  7 orc warriors
  2 phantoms
  3 sky beasts
  A centaur (D:9)
  6 ogres
  A gila monster (D:9)
  Sigmund (D:2)
  Duvessa (D:4)
  3 giant frogs
  A big kobold (Port)
  A water moccasin (D:9)
  2 killer bees (D:10)
  A killer bee zombie (D:7)
  A hound zombie (D:10)
  Dowan (D:4)
  An imp (D:9)
  A big kobold skeleton (D:8)
  4 orc priests
  3 hounds
  2 shadows
  2 worker ants
  7 orc wizards
  3 scorpions
  A worker ant zombie (D:6)
  An iguana (D:8)
  A worm zombie (D:5)
  A goliath beetle zombie (D:6)
  10 gnolls
  A giant centipede (D:9)
  A snake skeleton (D:6)
  A green rat (Port)
  9 snakes
  A giant mite (D:4)
  4 worms
  4 grey rats
  2 giant geckos (D:3)
  84 orcs
  9 giant cockroaches
  22 hobgoblins
  2 jackals (D:7)
  18 kobolds
  13 megabats
  6 quokkas
  6 small snakes
  7 giant newts
  21 goblins
  2 hobgoblin skeletons
  A hobgoblin zombie (D:5)
  A quokka zombie (D:6)
  25 rats
  A rat skeleton (D:6)
  2 fungi (D:9)
  7 toadstools
340 creatures vanquished.

Vanquished Creatures (collateral kills)
  A yak (D:13)
  2 orc warriors (D:8)
  A centaur (D:8)
  A killer bee (D:10)
  A gila monster zombie (D:13)
  An orc priest (Orc:1)
  A giant gecko (D:5)
  10 orcs
  3 megabats
  A kobold (D:10)
22 creatures vanquished.

Vanquished Creatures (others)
  The ghost of ens the Conjurer, an experienced DGWz (D:5)
  A centaur (D:9)
  An imp (D:13)
  A white imp (D:10)
  16 toadstools
20 creatures vanquished.

Grand Total: 382 creatures vanquished

Notes
Turn   | Place    | Note
--------------------------------------------------------------
     0 | D:1      | ishyo, the Spriggan Venom Mage, began the quest for the Orb.
     0 | D:1      | Reached XP level 1. HP: 8/8 MP: 4/4
   273 | D:1      | Reached XP level 2. HP: 11/11 MP: 2/7
   345 | D:1      | Learned a level 2 spell: Cure Poison
   872 | D:1      | Reached skill level 1 in Conjurations
  1107 | D:1      | Reached XP level 3. HP: 16/16 MP: 4/9
  1415 | D:1      | Learned a level 3 spell: Mephitic Cloud
  1976 | D:2      | Noticed Sigmund
  2005 | D:2      | Defeated Sigmund
  2005 | D:2      | Reached XP level 4. HP: 16/19 MP: 1/12
  2426 | D:3      | Reached skill level 5 in Poison Magic
  2655 | D:3      | Reached XP level 5. HP: 21/23 MP: 10/15
  2896 | D:3      | Found a glowing drain. 2909
                  | sewer
                  | Entered the sewers 3078
                  | sewer
                  | Reached skill level 6 in Poison Magic 3184
                  | sewer
                  | Reached XP level 6. HP: 27/27 MP: 5/19 3206
                  | sewer
                  | Reached skill level 1 in Throwing
  4284 | D:4      | Found a glowing golden altar of the Shining One.
  4305 | D:4      | Noticed Dowan
  4321 | D:4      | Defeated Dowan
  4354 | D:4      | Found a snail-covered altar of Cheibriados.
  4371 | D:4      | Got a pitted whip
  4565 | D:4      | Identified the +4,+0 whip of the Lair of Beasts (You found it on level 4 of the Dungeon)
  4633 | D:4      | Noticed Duvessa
  4664 | D:4      | Reached skill level 5 in Spellcasting
  4679 | D:4      | Defeated Duvessa
  4811 | D:5      | Entered Level 5 of the Dungeon
  4816 | D:5      | Found Unaotrio's General Store.
  4866 | D:5      | Found Yneigiom's Book Shoppe.
  4873 | D:5      | Reached skill level 5 in Conjurations
  4906 | D:5      | Noticed Eustachio
  4921 | D:5      | Defeated Eustachio
  4921 | D:5      | Reached XP level 7. HP: 31/31 MP: 3/21
  5141 | D:5      | Found an iron altar of Okawaru.
  5170 | D:5      | Defeated ens' ghost
  5182 | D:5      | Found Zupiepn's Weapon Boutique.
  5269 | D:5      | Found Loebiets' General Store.
  5866 | D:6      | Reached XP level 8. HP: 24/34 MP: 9/24
  6178 | D:6      | Found a staircase to the Ecumenical Temple.
  6200 | Temple   | Entered the Ecumenical Temple
  6208 | Temple   | Became a worshipper of Vehumet
  6322 | D:6      | Reached skill level 1 in Air Magic
  6335 | D:6      | Reached skill level 7 in Spellcasting
  6583 | D:6      | Reached skill level 5 in Dodging
  7297 | D:8      | Found Hageh's Jewellery Shoppe.
  7309 | D:8      | Bought a cursed ring of hunger for 1 gold piece
  7346 | D:8      | Acquired Vehumet's first power
  7347 | D:8      | Reached XP level 9. HP: 24/39 MP: 1/26
  7506 | D:8      | Noticed Edmund
  7534 | D:8      | Defeated Edmund
  7543 | D:8      | Noticed Erolcha
  7580 | D:8      | Defeated Erolcha
  7799 | D:8      | Reached skill level 1 in Traps & Doors
  7817 | D:8      | Found a staircase to the Orcish Mines.
  7928 | Orc:1    | Entered Level 1 of the Orcish Mines
  7952 | Orc:1    | Reached skill level 8 in Conjurations
  8322 | Orc:1    | Acquired Vehumet's second power
  8609 | Orc:1    | Found Vate's Magic Scroll Boutique.
  8623 | Orc:1    | Bought a scroll of noise for 2 gold pieces
  8623 | Orc:1    | Bought a scroll of curse weapon for 1 gold piece
  8843 | Orc:2    | Reached skill level 5 in Throwing
  9311 | D:8      | Noticed Psyche
  9323 | D:8      | Defeated Psyche
  9323 | D:8      | Reached XP level 10. HP: 42/42 MP: 17/28
  9437 | D:8      | Reached skill level 9 in Conjurations
  9461 | D:8      | Got a twisted demon trident
  9470 | D:8      | Identified the demon trident of Teeco {drain, Str-5} (You found it on level 8 of the Dungeon)
  9736 | D:8      | Acquired Vehumet's third power
 10281 | D:9      | Reached skill level 1 in Short Blades
 10309 | D:9      | Found a staircase to the Lair.
 10577 | D:9      | Found a glowing golden altar of the Shining One.
 11007 | D:10     | Entered Level 10 of the Dungeon
 11119 | D:10     | Acquired Vehumet's fourth power
 11280 | D:10     | Learned a level 5 spell: Venom Bolt
 11284 | D:10     | Learned a level 3 spell: Poison Weapon
 11290 | D:10     | Learned a level 1 spell: Magic Dart
 11294 | D:10     | Learned a level 3 spell: Conjure Flame
 11297 | D:10     | Learned a level 2 spell: Call Imp
 11300 | D:10     | Learned a level 2 spell: Repel Missiles
 11688 | D:10     | You fall through a shaft!
 11725 | D:13     | Noticed Silaor's ghost (powerful KoBe)
 11806 | D:13     | Reached skill level 10 in Conjurations
 11812 | D:13     | Defeated Silaor's ghost
 12001 | D:13     | Reached XP level 11. HP: 44/44 MP: 15/30
 12037 | D:13     | Reached skill level 10 in Spellcasting
 12051 | D:13     | Reached skill level 1 in Stabbing
 12351 | D:13     | Found Kheij's Antique Weapon Shoppe.
 12360 | D:13     | Bought an iridescent blowgun for 270 gold pieces
 12362 | D:13     | Identified the cursed blowgun "Vieghu" {speed, rPois SInv} (You bought it in a shop on level 13 of the Dungeon)
 12367 | D:13     | Learned a level 2 spell: Blink
 12370 | D:13     | Learned a level 2 spell: Slow
 12583 | D:13     | Reached skill level 1 in Evocations
 12601 | D:13     | Mangled by a red ugly thing
